Connexion

Heat vs Americans

Created - 22 septembre 2023 at 07:48

Goals
1 2 3 T
Heat 1 1 1 3
Americans 1 3 1 5
Shots
1 2 3 T
Heat 5 8 13 26
Americans 6 16 10 32

GoalsPenalties
1st period
1. Americans , Patrick Brown 3 (Sean Malone 2, Riley Tufte 4) at 12:20
2. Heat , Egor Sokolov 5 (Artur Kayumov 4, Jacob Bryson 12) at 15:56
Sean Malone (POR) for High sticking (Minor) at 2:15
Steven Oleksy (STO) for Hooking (Minor) at 8:44
2nd period
3. Americans , Sam Anas 2 (Turner Elson 5, Cole Hults 4) at 2:29
4. Americans , Tanner Fritz 11 (Ross Johnston 9, Kyle Okposo 5) at 9:32
5. Heat , Mathieu Joseph 12 (Nathan Smith 20) at 10:42
6. Americans , Matt Lorito 7 (Mattias Samuelsson 3) at 15:55
Steven Oleksy (STO) for Interference (Minor) at 3:06
Greg McKegg (STO) for Holding Stick (Minor) at 16:28
3rd period
7. Americans , Kyle Rau 3 (Cole Hults 5, Sam Anas 4) at 3:10
8. Heat , Nathan Smith 9 (Mathieu Joseph 17, Tarmo Reunanen 15) at 5:48 (PP)
Jacob Bryson (STO) for Tripping (Minor) at 0:43
Ross Johnston (POR) for Roughing (Minor) at 4:09
Turner Elson (POR) for Cross-checking (Minor) at 17:10
Goalie Stats
Matthew Galajda (STO), 13 saves from 17 shots - (0,765), L, 10-6-0, 35:55 minutes
Mason McDonald (STO), 14 saves from 15 shots - (0,933), 24:05 minutes
Alex Starlock (POR), 23 saves from 26 shots - (0,885), W, 8-6-0, 60:00 minutes
3 StarsOfficial
1 - Nathan Smith (STO)
2 - Sam Anas (POR)
3 - Kyle Rau (POR)
Referees : Mike Leggo and Kyle Rehman
Linesman : Derek Amell and Jay Sharrers
Game Note
Mason McDonald enters game at 15:55 of 2nd period
Finance
Level 1 -- Attendance: 1509 (75,45%) -- Ticket Income 54 324 $
Level 2 -- Attendance: 710 (71,00%) -- Ticket Income 14 910 $
Total Attendance: 2219 (73,97%)
Total Ticket Income: 69 234 $
Other Income: 13 847 $
Total Income: 83 081 $



Team Name Goals Shots Shots Attemp Shots Blocked PIM HIT PP PK FO%
Heat 32647138191 / 3 (33%)052%
Americans 5327156300 / 4 (0%)148%

Heat
Player Name POS G A P +/- PIM HIT SHT SB MP PP MP PP SHT PK MP PK SHT FO% FOT
Aidan McDonoughLW000-2006018:222:3702:2200% 1
Artur KayumovLW/RW011000305:250:0000:1300% 0
Brett LeasonRW000-2002011:470:0000:000100% 1
Brinson PasichnukD000-2020121:092:4403:4500% 0
Cole SchneiderLW/RW000-2021011:470:0000:0000% 0
Egor SokolovLW/RW101000105:250:0000:130100% 1
Greg McKeggC/LW/RW000-2212015:592:3710:00044% 25
Jacob BrysonD0111221223:242:5313:1900% 0
Jan JenikC/RW000-2011011:470:0000:00036% 11
Jesper LindgrenD000-2020016:320:0002:4300% 0
John Albert C000000005:120:0000:00033% 3
Kevin GravelD000-2000114:460:0000:1200% 0
Kyle CriscuoloC/RW0001001021:273:0012:22067% 3
Mathieu JosephLW/RW1121021024:263:0005:2109% 11
Nathan SmithC1121063324:263:0025:21083% 24
Steven OleksyD0001412422:532:5322:0400% 0
Tarmo ReunanenD011-2001221:132:4413:4900% 0
Tyce ThompsonRW000-2001016:002:3700:00067% 3
Americans
Player Name POS G A P +/- PIM HIT SHT SB MP PP MP PP SHT PK MP PK SHT FO% FOT
Andrew AgozzinoC/LW000-1044018:353:5611:22050% 28
Andrew PeekeD0002031022:553:5313:1100% 0
Cameron HughesC/LW000-1043017:403:5610:2700% 0
Cole HultsD0221020115:040:0900:0000% 0
Connor CarrickD0000013122:013:5432:2600% 0
Ethan ProwD0001010115:040:0900:0000% 0
Joseph DuszakD0000010022:013:5402:2600% 0
Kyle OkposoC/RW0111003022:214:0023:35052% 31
Kyle RauC/LW/RW1012011012:150:0001:47067% 3
Matt LoritoLW/RW101-1002017:133:5600:0000% 0
Mattias SamuelssonD0112020122:553:5303:1100% 0
Patrick BrownC/RW101102208:230:0000:2700% 2
Riley TufteLW011104207:560:0000:0000% 0
Ross JohnstonLW0111232020:594:0012:14050% 4
Sam AnasC/RW1122014110:280:0000:0000% 0
Sean MaloneC011120007:550:0000:00033% 6
Tanner Fritz C/LW/RW1011005020:084:0021:2200% 1
Turner ElsonC/LW/RW0112210010:270:0000:00050% 8



Play-by-Play

1st period


0:01 of 1st period - Kyle Okposo wins face-off versus Mathieu Joseph in neutral zone.
0:55 of 1st period - Icing by Andrew Agozzino.
0:56 of 1st period - Greg McKegg wins face-off versus Andrew Agozzino in Americans zone.
1:01 of 1st period - Shot by Tyce Thompson.
1:01 of 1st period - Shot Misses the Net.
1:07 of 1st period - Shot by Tyce Thompson.
1:07 of 1st period - Stopped by Alex Starlock without a rebound.
1:08 of 1st period - Jan Jenik wins face-off versus Turner Elson in Americans zone.
1:45 of 1st period - Shot by Sam Anas.
1:45 of 1st period - Stopped by Matthew Galajda with a rebound.
2:09 of 1st period - Shot by Riley Tufte.
2:09 of 1st period - Stopped by Matthew Galajda with a rebound.
2:14 of 1st period - Tyce Thompson is hit by Riley Tufte and loses puck.
2:15 of 1st period - Minor Penalty to Sean Malone for High sticking.
2:16 of 1st period - Nathan Smith wins face-off versus Ross Johnston in Americans zone.
2:20 of 1st period - Mathieu Joseph is hit by Andrew Peeke and loses puck.
2:44 of 1st period - Mathieu Joseph is hit by Mattias Samuelsson and loses puck.
3:15 of 1st period - Shot by Aidan McDonough.
3:15 of 1st period - Shot Misses the Net.
3:17 of 1st period - Shot by Greg McKegg.
3:17 of 1st period - Stopped by Alex Starlock with a rebound.
4:10 of 1st period - Shot by Steven Oleksy.
4:10 of 1st period - Shot Blocked by Connor Carrick.
4:12 of 1st period - Shot by Steven Oleksy.
4:12 of 1st period - Stopped by Alex Starlock without a rebound.
4:13 of 1st period - Nathan Smith wins face-off versus Tanner Fritz in Americans zone.
4:20 of 1st period - Shot by Kyle Criscuolo.
4:20 of 1st period - Shot Misses the Net.
4:31 of 1st period - John Albert is hit by Cole Hults and loses puck.
4:57 of 1st period - Artur Kayumov is hit by Riley Tufte and loses puck.
5:54 of 1st period - Steven Oleksy is hit by Cameron Hughes.
6:04 of 1st period - Andrew Agozzino is hit by Cole Schneider and loses puck.
6:14 of 1st period - Off-side.
6:15 of 1st period - Kyle Criscuolo wins face-off versus Kyle Okposo in neutral zone.
6:26 of 1st period - Shot by Tanner Fritz .
6:26 of 1st period - Stopped by Matthew Galajda with a rebound.
6:48 of 1st period - Shot by Connor Carrick.
6:48 of 1st period - Shot Misses the Net.
7:52 of 1st period - Icing by Jesper Lindgren.
7:53 of 1st period - Greg McKegg wins face-off versus Sean Malone in Heat zone.
7:53 of 1st period - Greg McKegg is hit by Patrick Brown.
7:59 of 1st period - Sean Malone is hit by Greg McKegg and loses puck.
8:26 of 1st period - Andrew Peeke is hit by Steven Oleksy and loses puck.
8:44 of 1st period - Minor Penalty to Steven Oleksy for Hooking.
8:45 of 1st period - Andrew Agozzino wins face-off versus Mathieu Joseph in Heat zone.
9:14 of 1st period - Shot by Cameron Hughes.
9:14 of 1st period - Shot Misses the Net.
9:18 of 1st period - Shot by Connor Carrick.
9:18 of 1st period - Stopped by Matthew Galajda with a rebound.
9:56 of 1st period - Kyle Criscuolo is hit by Ross Johnston and loses puck.
10:26 of 1st period - Icing by Andrew Peeke.
10:27 of 1st period - Kyle Okposo wins face-off versus Mathieu Joseph in Americans zone.
11:18 of 1st period - Shot by Brett Leason.
11:18 of 1st period - Shot Misses the Net.
11:43 of 1st period - Icing by Tarmo Reunanen.
11:44 of 1st period - Greg McKegg wins face-off versus Patrick Brown in Heat zone.
11:58 of 1st period - Shot by Patrick Brown.
11:58 of 1st period - Shot Blocked by Tarmo Reunanen.
12:16 of 1st period - Shot by Riley Tufte.
12:16 of 1st period - Shot Misses the Net.
12:18 of 1st period - Shot by Sean Malone.
12:18 of 1st period - Shot Misses the Net.
12:20 of 1st period - Shot by Patrick Brown.
12:20 of 1st period - Goal by Patrick Brown - Heat : 0 - Americans : 1.
12:21 of 1st period - Nathan Smith wins face-off versus Kyle Okposo in neutral zone.
12:38 of 1st period - Shot by Ross Johnston.
12:38 of 1st period - Shot Misses the Net.
12:40 of 1st period - Shot by Ross Johnston.
12:40 of 1st period - Shot Misses the Net.
12:42 of 1st period - Shot by Joseph Duszak.
12:42 of 1st period - Shot Blocked by Steven Oleksy.
12:44 of 1st period - Shot by Connor Carrick.
12:44 of 1st period - Shot Blocked by Steven Oleksy.
14:30 of 1st period - Off-side.
14:31 of 1st period - Greg McKegg wins face-off versus Kyle Okposo in neutral zone.
14:51 of 1st period - Icing by Tarmo Reunanen.
14:52 of 1st period - Greg McKegg wins face-off versus Andrew Agozzino in Heat zone.
14:52 of 1st period - Greg McKegg is hit by Andrew Agozzino.
14:59 of 1st period - Tyce Thompson is hit by Andrew Peeke and loses puck.
15:32 of 1st period - Steven Oleksy is hit by Cameron Hughes and loses puck.
15:39 of 1st period - Andrew Peeke is hit by Nathan Smith.
15:40 of 1st period - Icing by Andrew Peeke.
15:41 of 1st period - Andrew Agozzino wins face-off versus John Albert in Americans zone.
15:54 of 1st period - Shot by Artur Kayumov.
15:54 of 1st period - Stopped by Alex Starlock with a rebound.
15:56 of 1st period - Shot by Egor Sokolov.
15:56 of 1st period - Goal by Egor Sokolov - Heat : 1 - Americans : 1.
15:57 of 1st period - Nathan Smith wins face-off versus Kyle Okposo in neutral zone.
16:12 of 1st period - Kyle Criscuolo is hit by Connor Carrick and loses puck.
16:49 of 1st period - Shot by Sam Anas.
16:49 of 1st period - Shot Misses the Net.
18:09 of 1st period - Icing by Steven Oleksy.
18:10 of 1st period - Kyle Okposo wins face-off versus Greg McKegg in Heat zone.
19:00 of 1st period - Icing by Andrew Peeke.
19:01 of 1st period - Andrew Agozzino wins face-off versus Jan Jenik in Americans zone.
19:22 of 1st period - Shot by Andrew Peeke.
19:22 of 1st period - Shot Blocked by Brinson Pasichnuk.
19:24 of 1st period - Shot by Cameron Hughes.
19:24 of 1st period - Deflect By Andrew Agozzino.
19:24 of 1st period - Shot Misses the Net.
19:26 of 1st period - Shot by Cameron Hughes.
19:26 of 1st period - Stopped by Matthew Galajda with a rebound.
Goals for this period are 1 for Heat vs 1 for Americans.
Shots for this period are 5 for Heat vs 6 for Americans.

2nd period


0:01 of 2nd period - Kyle Okposo wins face-off versus Nathan Smith in neutral zone.
0:11 of 2nd period - Kyle Criscuolo is hit by Joseph Duszak and loses puck.
1:02 of 2nd period - Icing by Aidan McDonough.
1:03 of 2nd period - Tyce Thompson wins face-off versus Andrew Agozzino in Heat zone.
1:41 of 2nd period - Shot by Cameron Hughes.
1:41 of 2nd period - Deflect By Andrew Agozzino.
1:41 of 2nd period - Shot Misses the Net.
1:43 of 2nd period - Shot by Matt Lorito.
1:43 of 2nd period - Shot Misses the Net.
1:45 of 2nd period - Shot by Cameron Hughes.
1:45 of 2nd period - Shot Misses the Net.
2:29 of 2nd period - Shot by Sam Anas.
2:29 of 2nd period - The goal is going for a video replay.
2:29 of 2nd period - The goal is good.
2:29 of 2nd period - Goal by Sam Anas - Heat : 1 - Americans : 2.
2:30 of 2nd period - Sean Malone wins face-off versus Nathan Smith in neutral zone.
2:51 of 2nd period - Shot by Riley Tufte.
2:51 of 2nd period - Shot Misses the Net.
2:53 of 2nd period - Shot by Sean Malone.
2:53 of 2nd period - Deflect By Riley Tufte.
2:53 of 2nd period - Shot Blocked by Nathan Smith.
3:06 of 2nd period - Minor Penalty to Steven Oleksy for Interference.
3:07 of 2nd period - Kyle Okposo wins face-off versus Mathieu Joseph in Heat zone.
3:20 of 2nd period - Shot by Kyle Okposo.
3:20 of 2nd period - Stopped by Matthew Galajda with a rebound.
3:22 of 2nd period - Shot by Tanner Fritz .
3:22 of 2nd period - Stopped by Matthew Galajda without a rebound.
3:23 of 2nd period - Nathan Smith wins face-off versus Andrew Agozzino in Heat zone.
3:33 of 2nd period - Icing by Andrew Peeke.
3:34 of 2nd period - Andrew Agozzino wins face-off versus Aidan McDonough in Americans zone.
3:36 of 2nd period - Icing by Andrew Peeke.
3:37 of 2nd period - Andrew Agozzino wins face-off versus Mathieu Joseph in Americans zone.
4:16 of 2nd period - Shot by Cameron Hughes.
4:16 of 2nd period - Shot Misses the Net.
4:18 of 2nd period - Shot by Cameron Hughes.
4:18 of 2nd period - Shot Misses the Net.
4:36 of 2nd period - Shot by Ross Johnston.
4:36 of 2nd period - Deflect By Kyle Okposo.
4:36 of 2nd period - Stopped by Matthew Galajda with a rebound.
4:40 of 2nd period - Shot by Joseph Duszak.
4:40 of 2nd period - Shot Blocked by Jacob Bryson.
4:42 of 2nd period - Shot by Ross Johnston.
4:42 of 2nd period - Stopped by Matthew Galajda with a rebound.
4:44 of 2nd period - Shot by Ross Johnston.
4:44 of 2nd period - Shot Misses the Net.
5:23 of 2nd period - Icing by Jan Jenik.
5:24 of 2nd period - Turner Elson wins face-off versus Jan Jenik in Heat zone.
5:38 of 2nd period - Icing by Brinson Pasichnuk.
5:39 of 2nd period - Andrew Agozzino wins face-off versus Jan Jenik in Heat zone.
5:58 of 2nd period - Off-side.
5:59 of 2nd period - Kyle Okposo wins face-off versus Greg McKegg in neutral zone.
6:09 of 2nd period - Icing by Aidan McDonough.
6:10 of 2nd period - Greg McKegg wins face-off versus Andrew Agozzino in Heat zone.
6:17 of 2nd period - Shot by Matt Lorito.
6:17 of 2nd period - Deflect By Andrew Agozzino.
6:17 of 2nd period - Stopped by Matthew Galajda without a rebound.
6:18 of 2nd period - Nathan Smith wins face-off versus Kyle Okposo in Heat zone.
6:27 of 2nd period - Shot by Ross Johnston.
6:27 of 2nd period - Stopped by Matthew Galajda without a rebound.
6:28 of 2nd period - Greg McKegg wins face-off versus Andrew Agozzino in Heat zone.
6:28 of 2nd period - Greg McKegg is hit by Andrew Agozzino.
6:31 of 2nd period - Tyce Thompson is hit by Andrew Agozzino and loses puck.
6:44 of 2nd period - Shot by Matt Lorito.
6:44 of 2nd period - Stopped by Matthew Galajda without a rebound.
6:45 of 2nd period - Nathan Smith wins face-off versus Kyle Okposo in Heat zone.
6:53 of 2nd period - Brinson Pasichnuk is hit by Mattias Samuelsson and loses puck.
7:33 of 2nd period - Nathan Smith is hit by Ross Johnston and loses puck.
8:23 of 2nd period - Joseph Duszak is hit by Nathan Smith and loses puck.
8:27 of 2nd period - Icing by Joseph Duszak.
8:28 of 2nd period - Andrew Agozzino wins face-off versus Greg McKegg in Americans zone.
8:42 of 2nd period - Tyce Thompson is hit by Turner Elson and loses puck.
9:10 of 2nd period - Shot by Kyle Rau.
9:10 of 2nd period - Shot Misses the Net.
9:12 of 2nd period - Shot by Sam Anas.
9:12 of 2nd period - Stopped by Matthew Galajda without a rebound.
9:13 of 2nd period - Kyle Okposo wins face-off versus Jan Jenik in Heat zone.
9:32 of 2nd period - Shot by Tanner Fritz .
9:32 of 2nd period - Goal by Tanner Fritz - Heat : 1 - Americans : 3.
9:33 of 2nd period - John Albert wins face-off versus Sean Malone in neutral zone.
9:43 of 2nd period - Egor Sokolov is hit by Patrick Brown and loses puck.
10:05 of 2nd period - Shot by Artur Kayumov.
10:05 of 2nd period - Stopped by Alex Starlock with a rebound.
10:11 of 2nd period - John Albert is hit by Riley Tufte and loses puck.
10:27 of 2nd period - Icing by Joseph Duszak.
10:28 of 2nd period - Greg McKegg wins face-off versus Kyle Okposo in Americans zone.
10:37 of 2nd period - Shot by Aidan McDonough.
10:37 of 2nd period - Stopped by Alex Starlock without a rebound.
10:38 of 2nd period - Nathan Smith wins face-off versus Andrew Agozzino in Americans zone.
10:38 of 2nd period - Nathan Smith is hit by Cole Hults.
10:40 of 2nd period - Shot by Mathieu Joseph.
10:40 of 2nd period - Shot Misses the Net.
10:42 of 2nd period - Shot by Mathieu Joseph.
10:42 of 2nd period - Goal by Mathieu Joseph - Heat : 2 - Americans : 3.
10:43 of 2nd period - Kyle Okposo wins face-off versus Nathan Smith in neutral zone.
11:38 of 2nd period - Icing by Jacob Bryson.
11:39 of 2nd period - Nathan Smith wins face-off versus Turner Elson in Heat zone.
11:39 of 2nd period - Steven Oleksy is hit by Sam Anas and loses puck.
12:34 of 2nd period - Shot by Aidan McDonough.
12:34 of 2nd period - Stopped by Alex Starlock without a rebound.
12:35 of 2nd period - Jan Jenik wins face-off versus Kyle Okposo in Americans zone.
13:43 of 2nd period - John Albert is hit by Andrew Peeke and loses puck.
13:50 of 2nd period - Shot by Artur Kayumov.
13:50 of 2nd period - Shot Misses the Net.
13:52 of 2nd period - Shot by Artur Kayumov.
13:52 of 2nd period - Stopped by Alex Starlock without a rebound.
13:53 of 2nd period - Nathan Smith wins face-off versus Sean Malone in Americans zone.
14:00 of 2nd period - Shot by Nathan Smith.
14:00 of 2nd period - Shot Misses the Net.
14:34 of 2nd period - Shot by Nathan Smith.
14:34 of 2nd period - Shot Blocked by Cole Hults.
15:25 of 2nd period - Icing by Ross Johnston.
15:26 of 2nd period - Kyle Okposo wins face-off versus Jan Jenik in Americans zone.
15:26 of 2nd period - Joseph Duszak is hit by Cole Schneider and loses puck.
15:35 of 2nd period - Shot by Brett Leason.
15:35 of 2nd period - Stopped by Alex Starlock without a rebound.
15:36 of 2nd period - Andrew Agozzino wins face-off versus Greg McKegg in Americans zone.
15:49 of 2nd period - Shot by Andrew Agozzino.
15:49 of 2nd period - Shot Misses the Net.
15:55 of 2nd period - Shot by Matt Lorito.
15:55 of 2nd period - Goal by Matt Lorito - Heat : 2 - Americans : 4.
15:55 of 2nd period - Mason McDonald enters game.
15:56 of 2nd period - Turner Elson wins face-off versus Jan Jenik in neutral zone.
16:00 of 2nd period - Mattias Samuelsson is hit by Jesper Lindgren and loses puck.
16:09 of 2nd period - Shot by Jan Jenik.
16:09 of 2nd period - Shot Blocked by Sam Anas.
16:11 of 2nd period - Shot by Brett Leason.
16:11 of 2nd period - Shot Misses the Net.
16:13 of 2nd period - Shot by Cole Schneider.
16:13 of 2nd period - Stopped by Alex Starlock without a rebound.
16:14 of 2nd period - Andrew Agozzino wins face-off versus Greg McKegg in Americans zone.
16:21 of 2nd period - Shot by Andrew Agozzino.
16:21 of 2nd period - Stopped by Mason McDonald without a rebound.
16:22 of 2nd period - Kyle Okposo wins face-off versus Greg McKegg in Heat zone.
16:28 of 2nd period - Minor Penalty to Greg McKegg for Holding Stick.
16:29 of 2nd period - Kyle Okposo wins face-off versus Mathieu Joseph in Heat zone.
16:42 of 2nd period - Shot by Joseph Duszak.
16:42 of 2nd period - Shot Misses the Net.
16:44 of 2nd period - Shot by Joseph Duszak.
16:44 of 2nd period - Shot Blocked by Steven Oleksy.
16:46 of 2nd period - Shot by Ross Johnston.
16:46 of 2nd period - Shot Blocked by Nathan Smith.
16:53 of 2nd period - Shot by Kyle Okposo.
16:53 of 2nd period - Shot Misses the Net.
17:07 of 2nd period - Shot by Connor Carrick.
17:07 of 2nd period - Stopped by Mason McDonald with a rebound.
17:23 of 2nd period - Nathan Smith is hit by Andrew Agozzino and loses puck.
17:32 of 2nd period - Shot by Andrew Agozzino.
17:32 of 2nd period - Stopped by Mason McDonald without a rebound.
17:33 of 2nd period - Andrew Agozzino wins face-off versus Kyle Criscuolo in Heat zone.
17:47 of 2nd period - Icing by Cameron Hughes.
17:48 of 2nd period - Andrew Agozzino wins face-off versus Mathieu Joseph in Americans zone.
17:57 of 2nd period - Shot by Andrew Peeke.
17:57 of 2nd period - Stopped by Mason McDonald without a rebound.
17:58 of 2nd period - Kyle Okposo wins face-off versus Mathieu Joseph in Heat zone.
18:39 of 2nd period - Shot by Jesper Lindgren.
18:39 of 2nd period - Shot Misses the Net.
18:41 of 2nd period - Shot by Jan Jenik.
18:41 of 2nd period - Stopped by Alex Starlock without a rebound.
18:42 of 2nd period - Greg McKegg wins face-off versus Andrew Agozzino in Americans zone.
19:17 of 2nd period - Shot by Andrew Agozzino.
19:17 of 2nd period - Shot Misses the Net.
19:19 of 2nd period - Shot by Cameron Hughes.
19:19 of 2nd period - Shot Blocked by Tarmo Reunanen.
19:21 of 2nd period - Shot by Cameron Hughes.
19:21 of 2nd period - Stopped by Mason McDonald without a rebound.
19:22 of 2nd period - Nathan Smith wins face-off versus Kyle Okposo in Heat zone.
19:27 of 2nd period - Tanner Fritz is hit by Nathan Smith and loses puck.
19:43 of 2nd period - Shot by Nathan Smith.
19:43 of 2nd period - Shot Misses the Net.
19:45 of 2nd period - Shot by Mathieu Joseph.
19:45 of 2nd period - Shot Misses the Net.
Goals for this period are 1 for Heat vs 3 for Americans.
Shots for this period are 8 for Heat vs 16 for Americans.

3rd period


0:01 of 3rd period - Nathan Smith wins face-off versus Kyle Okposo in neutral zone.
0:14 of 3rd period - Shot by Nathan Smith.
0:14 of 3rd period - Stopped by Alex Starlock without a rebound.
0:15 of 3rd period - Greg McKegg wins face-off versus Andrew Agozzino in Americans zone.
0:26 of 3rd period - Shot by Aidan McDonough.
0:26 of 3rd period - Stopped by Alex Starlock without a rebound.
0:27 of 3rd period - Nathan Smith wins face-off versus Kyle Okposo in Americans zone.
0:28 of 3rd period - Shot by Mathieu Joseph.
0:28 of 3rd period - Shot Misses the Net.
0:39 of 3rd period - Kyle Okposo is hit by Jacob Bryson and loses puck.
0:43 of 3rd period - Minor Penalty to Jacob Bryson for Tripping.
0:44 of 3rd period - Mathieu Joseph wins face-off versus Andrew Agozzino in Heat zone.
1:19 of 3rd period - Cameron Hughes is hit by Brinson Pasichnuk and loses puck.
1:26 of 3rd period - Shot by Cameron Hughes.
1:26 of 3rd period - Stopped by Mason McDonald with a rebound.
1:58 of 3rd period - Icing by Connor Carrick.
1:59 of 3rd period - Kyle Okposo wins face-off versus Mathieu Joseph in Americans zone.
2:03 of 3rd period - Icing by Tanner Fritz .
2:04 of 3rd period - Kyle Okposo wins face-off versus Mathieu Joseph in Americans zone.
2:04 of 3rd period - Kyle Okposo is hit by Nathan Smith.
2:10 of 3rd period - Shot by Joseph Duszak.
2:10 of 3rd period - Shot Misses the Net.
2:12 of 3rd period - Shot by Connor Carrick.
2:12 of 3rd period - Stopped by Mason McDonald with a rebound.
2:14 of 3rd period - Shot by Kyle Okposo.
2:14 of 3rd period - Shot Misses the Net.
2:24 of 3rd period - Shot by Connor Carrick.
2:24 of 3rd period - Shot Blocked by Nathan Smith.
2:26 of 3rd period - Shot by Tanner Fritz .
2:26 of 3rd period - Stopped by Mason McDonald with a rebound.
2:58 of 3rd period - Shot by Turner Elson.
2:58 of 3rd period - Shot Misses the Net.
3:08 of 3rd period - Shot by Kyle Rau.
3:08 of 3rd period - Shot Blocked by Steven Oleksy.
3:10 of 3rd period - Shot by Cole Hults.
3:10 of 3rd period - Deflect By Kyle Rau.
3:10 of 3rd period - Goal by Kyle Rau - Heat : 2 - Americans : 5.
3:11 of 3rd period - Andrew Agozzino wins face-off versus Greg McKegg in neutral zone.
3:35 of 3rd period - Tyce Thompson is hit by Cameron Hughes.
3:36 of 3rd period - Icing by Tyce Thompson.
3:37 of 3rd period - Tyce Thompson wins face-off versus Turner Elson in Heat zone.
3:45 of 3rd period - Shot by Aidan McDonough.
3:45 of 3rd period - Stopped by Alex Starlock without a rebound.
3:46 of 3rd period - Jan Jenik wins face-off versus Kyle Okposo in Americans zone.
3:46 of 3rd period - Jan Jenik is hit by Ethan Prow.
4:09 of 3rd period - Minor Penalty to Ross Johnston for Roughing.
4:10 of 3rd period - Nathan Smith wins face-off versus Kyle Rau in Americans zone.
4:11 of 3rd period - Shot by Tarmo Reunanen.
4:11 of 3rd period - Stopped by Alex Starlock without a rebound.
4:12 of 3rd period - Kyle Rau wins face-off versus Nathan Smith in Americans zone.
4:27 of 3rd period - Shot by Tarmo Reunanen.
4:27 of 3rd period - Shot Misses the Net.
4:29 of 3rd period - Shot by Kyle Criscuolo.
4:29 of 3rd period - Stopped by Alex Starlock without a rebound.
4:30 of 3rd period - Kyle Rau wins face-off versus Greg McKegg in Americans zone.
5:09 of 3rd period - Shot by Jacob Bryson.
5:09 of 3rd period - Shot Blocked by Mattias Samuelsson.
5:11 of 3rd period - Shot by Steven Oleksy.
5:11 of 3rd period - Shot Misses the Net.
5:40 of 3rd period - Shot by Nathan Smith.
5:40 of 3rd period - Stopped by Alex Starlock without a rebound.
5:41 of 3rd period - Nathan Smith wins face-off versus Patrick Brown in Americans zone.
5:48 of 3rd period - Shot by Nathan Smith.
5:48 of 3rd period - Goal by Nathan Smith - Heat : 3 - Americans : 5.
5:49 of 3rd period - Andrew Agozzino wins face-off versus Jan Jenik in neutral zone.
6:00 of 3rd period - Shot by Cameron Hughes.
6:00 of 3rd period - Shot Misses the Net.
6:46 of 3rd period - Shot by Patrick Brown.
6:46 of 3rd period - Stopped by Mason McDonald without a rebound.
6:47 of 3rd period - Nathan Smith wins face-off versus Kyle Okposo in Heat zone.
6:47 of 3rd period - Mathieu Joseph is hit by Ross Johnston and loses puck.
7:21 of 3rd period - Icing by Mattias Samuelsson.
7:22 of 3rd period - Kyle Okposo wins face-off versus Greg McKegg in Americans zone.
7:24 of 3rd period - Icing by Ross Johnston.
7:25 of 3rd period - Kyle Okposo wins face-off versus Tyce Thompson in Americans zone.
7:40 of 3rd period - Shot by Tanner Fritz .
7:40 of 3rd period - Stopped by Mason McDonald without a rebound.
7:41 of 3rd period - Kyle Criscuolo wins face-off versus Andrew Agozzino in Heat zone.
7:55 of 3rd period - Icing by Connor Carrick.
7:56 of 3rd period - Andrew Agozzino wins face-off versus Greg McKegg in Americans zone.
7:58 of 3rd period - Icing by Joseph Duszak.
7:59 of 3rd period - Nathan Smith wins face-off versus Andrew Agozzino in Americans zone.
8:05 of 3rd period - Off-side.
8:06 of 3rd period - Nathan Smith wins face-off versus Kyle Okposo in neutral zone.
8:16 of 3rd period - Ross Johnston is hit by Mathieu Joseph and loses puck.
9:19 of 3rd period - Shot by Greg McKegg.
9:19 of 3rd period - Stopped by Alex Starlock without a rebound.
9:20 of 3rd period - Egor Sokolov wins face-off versus Turner Elson in Americans zone.
9:49 of 3rd period - Kevin Gravel is hit by Kyle Rau.
10:33 of 3rd period - Shot by Aidan McDonough.
10:33 of 3rd period - Stopped by Alex Starlock without a rebound.
10:34 of 3rd period - Nathan Smith wins face-off versus Sean Malone in Americans zone.
11:05 of 3rd period - Shot by Mathieu Joseph.
11:05 of 3rd period - Shot Misses the Net.
11:35 of 3rd period - Shot by Aidan McDonough.
11:35 of 3rd period - Stopped by Alex Starlock without a rebound.
11:36 of 3rd period - Jan Jenik wins face-off versus Kyle Okposo in Americans zone.
12:05 of 3rd period - Tanner Fritz is hit by Jan Jenik and loses puck.
12:12 of 3rd period - Shot by Brett Leason.
12:12 of 3rd period - Stopped by Alex Starlock without a rebound.
12:13 of 3rd period - Greg McKegg wins face-off versus Andrew Agozzino in Americans zone.
12:59 of 3rd period - Icing by Brinson Pasichnuk.
13:00 of 3rd period - Turner Elson wins face-off versus Greg McKegg in Heat zone.
13:07 of 3rd period - Shot by Sam Anas.
13:07 of 3rd period - Stopped by Mason McDonald with a rebound.
13:35 of 3rd period - Andrew Peeke is hit by Nathan Smith.
13:43 of 3rd period - Andrew Peeke is hit by Nathan Smith and loses puck.
13:51 of 3rd period - Andrew Peeke is hit by Jacob Bryson and loses puck.
14:12 of 3rd period - Shot by Kyle Okposo.
14:12 of 3rd period - Stopped by Mason McDonald without a rebound.
14:13 of 3rd period - Brett Leason wins face-off versus Andrew Agozzino in Heat zone.
14:18 of 3rd period - Jesper Lindgren is hit by Cameron Hughes and loses puck.
14:47 of 3rd period - Shot by Ethan Prow.
14:47 of 3rd period - Shot Misses the Net.
14:49 of 3rd period - Shot by Cole Hults.
14:49 of 3rd period - Shot Blocked by Kevin Gravel.
14:51 of 3rd period - Shot by Andrew Agozzino.
14:51 of 3rd period - Shot Misses the Net.
15:10 of 3rd period - Off-side.
15:11 of 3rd period - Sean Malone wins face-off versus Greg McKegg in neutral zone.
15:39 of 3rd period - Shot by Riley Tufte.
15:39 of 3rd period - Stopped by Mason McDonald with a rebound.
17:03 of 3rd period - Shot by Andrew Agozzino.
17:03 of 3rd period - Stopped by Mason McDonald without a rebound.
17:04 of 3rd period - Turner Elson wins face-off versus John Albert in Heat zone.
17:10 of 3rd period - Minor Penalty to Turner Elson for Cross-checking.
17:11 of 3rd period - Ross Johnston wins face-off versus Greg McKegg in Americans zone.
17:33 of 3rd period - Icing by Tyce Thompson.
17:34 of 3rd period - Ross Johnston wins face-off versus Greg McKegg in Heat zone.
17:34 of 3rd period - Kyle Okposo is hit by Brinson Pasichnuk and loses puck.
18:17 of 3rd period - Shot by Steven Oleksy.
18:17 of 3rd period - Stopped by Alex Starlock without a rebound.
18:18 of 3rd period - Nathan Smith wins face-off versus Ross Johnston in Americans zone.
18:21 of 3rd period - Shot by Jacob Bryson.
18:21 of 3rd period - Stopped by Alex Starlock with a rebound.
18:33 of 3rd period - Mattias Samuelsson is hit by Mathieu Joseph.
18:37 of 3rd period - Shot by Ross Johnston.
18:37 of 3rd period - Shot Blocked by Jacob Bryson.
19:18 of 3rd period - Shot by Brett Leason.
19:18 of 3rd period - Shot Hit the Post.
19:26 of 3rd period - Cole Schneider is hit by Riley Tufte.
19:46 of 3rd period - Shot by Jan Jenik.
19:46 of 3rd period - Shot Blocked by Ethan Prow.
19:51 of 3rd period - Cole Hults is hit by Jesper Lindgren.
Goals for this period are 1 for Heat vs 1 for Americans.
Shots for this period are 13 for Heat vs 10 for Americans.